 Dungeon Crawl Stone Soup version 0.24-a0-613-g1ff6aac (webtiles) character file.

Game seed: 9083703507931657920, levelgen mode: deterministic

95 silenth the Conjurer (level 4, 0/33 HPs)
             Began as a Demigod Conjurer on Sept 10, 2019.
             Slain by Purgy (3 damage)
             ... in a sewer.
             The game lasted 00:02:19 (1951 turns).

silenth the Conjurer (Demigod Conjurer)             Turns: 1951, Time: 00:02:19

Health: 0/33       AC:  2    Str: 11    XL:     4   Next: 17%
Magic:  1/10       EV: 12    Int: 21    God:
Gold:   95         SH:  0    Dex: 16    Spells: 2/8 levels left

rFire    . . .     SeeInvis .   h - +1 dagger (venom)
rCold    . . .     Gourm    .   (no shield)
rNeg     . . .     Faith    .   a - +0 robe
rPois    +         Spirit   .   (no helmet)
rElec    .         Reflect  .   (no cloak)
rCorr    .         Harm     .   (no gloves)
MR       .....                  (no boots)
Stlth    ++........             (no amulet)
HPRegen  0.11/turn              g - ring of poison resistance
MPRegen  0.12/turn              (no ring)

@: no status effects
A: high mp 1
a: no special abilities


You were in a sewer.
You were hungry.

You visited 1 branch of the dungeon, and saw 3 of its levels.
You also visited: Sewer.

You collected 95 gold pieces.

Inventory:

Hand Weapons
 h - a +1 dagger of venom (weapon)
 m - a +0 short sword
Armour
 a - a +0 robe (worn)
 f - a +0 large shield
 k - a +0 shield
Jewellery
 g - a ring of poison resistance (left hand)
Scrolls
 d - a scroll of blinking
 i - 2 scrolls of identify {unknown}
 l - a scroll of enchant weapon {unknown}
 n - a scroll of remove curse {unknown}
 o - a scroll of fog {unknown}
Potions
 b - a potion of lignification {unknown}
 c - 2 potions of curing {unknown}
 j - 2 potions of heal wounds {unknown}
 q - a potion of brilliance {unknown}
Comestibles
 e - 2 rations


   Skills:
 - Level 1.7 Dodging
 - Level 1.7 Stealth
 + Level 2.5 Spellcasting
 * Level 4.7 Conjurations
 + Level 1.0 Hexes


You had 2 spell levels left.
You knew the following spells:

 Your Spells              Type           Power        Failure   Level  Hunger
a - Magic Dart            Conj           ###.         1%          1    None
b - Searing Ray           Conj           ###...       3%          2    ##.....
c - Dazzling Spray        Conj/Hex       ##....       13%         3    ###....

Your spell library contained the following spells:

 Spells                   Type           Power        Failure   Level  Hunger
 Iskenderun's Mystic Bla  Conj           ###.....     21%         4    ####...
 Fulminant Prism          Conj/Hex       ##........   38%         4    ####...
 Force Lance              Conj/Tloc      ##......     45%         4    ####...


Dungeon Overview and Level Annotations

Branches:
Dungeon (3/15)              Sewer (1/1)

Annotations:
Sewer Purgy


Innate Abilities, Weirdness & Mutations

You have an increased reservoir of magic. (+10% MP)


Message History

Aiming: Magic Dart (safe; 1% risk of failure)
Press: ? - help, Shift-Dir - straight line, f/p - Purgy
Aim: Purgy (severely wounded)
The magic dart hits Purgy.
Purgy is severely wounded.
Purgy closely misses you. x2; Purgy claws you.
* * * LOW HITPOINT WARNING * * *
You closely miss Purgy.
Purgy is severely wounded.
Purgy bites you.
* * * LOW HITPOINT WARNING * * *
Purgy claws you.
* * * LOW HITPOINT WARNING * * *
Purgy barely misses you.
You hit Purgy.
Purgy is poisoned.
Purgy is severely wounded.
Purgy closely misses you. Purgy claws you.
* * * LOW HITPOINT WARNING * * *
Purgy claws you.
You die...

#≈≈≈≈≈≈≈≈
≈≈≈≈≈≈≈≈≈
≈≈≈≈≈≈≈≈≈#
≈≈≈≈≈≈≈≈≈.
#≈≈≈≈≈≈≈≈#
≈≈≈≈≈≈≈≈≈▒▒▒▒▒▒▒ #
#≈≈≈≈≈≈≈≈≈≈..≈.≈ #
≈≈≈≈≈≈≈≈T▒▒ ##
≈≈≈≈≈≈≈≈≈@# #.
≈≈≈≈≈≈≈≈### ##
≈≈≈≈≈≈≈≈### #
≈≈≈≈≈≈≈≈≈.# ##
#≈≈≈≈≈≈≈≈≈#### #.
#≈≈≈≈≈≈≈≈≈.#.#
###≈
≈≈≈≈≈≈≈≈≈≈≈≈.##
##≈.≈
≈≈≈≈≈≈≈≈≈≈≈≈≈.###
##≈≈≈≈
#≈≈≈≈≈≈≈≈≈≈≈≈≈.≈##
#.≈≈≈≈


You could see Purgy.

Vanquished Creatures
  4 adders (D:2)
  An ooze (D:1)
  A worm (D:2)
  A dart slug (D:1)
  2 leopard geckos
  3 ball pythons
  5 giant cockroaches
  7 goblins
  4 hobgoblins
  3 kobolds (D:2)
  A quokka (D:2)
  7 bats
  6 frilled lizards
  5 rats
50 creatures vanquished.

Notes
Turn   | Place    | Note
-------+----------+-------------------------------------------
     0 | D:1      | silenth the Demigod Conjurer began the quest for the Orb.
     0 | D:1      | Reached XP level 1. HP: 14/14 MP: 5/5
   270 | D:1      | Reached skill level 2 in Spellcasting
   326 | D:1      | Reached skill level 4 in Conjurations
   326 | D:1      | Reached XP level 2. HP: 20/20 MP: 2/7
   377 | D:1      | Learned a level 2 spell: Searing Ray
   977 | D:2      | Reached XP level 3. HP: 26/26 MP: 2/9
  1058 | D:2      | Learned a level 3 spell: Dazzling Spray
  1562 | D:2      | Reached XP level 4. HP: 33/33 MP: 6/10
  1640 | D:2      | Reached skill level 1 in Hexes
  1866 | D:3      | Found a glowing drain.
  1879 | Sewer    | Entered a sewer
  1940 | Sewer    | Noticed Purgy
  1951 | Sewer    | HP: 3/33 [Purgy (1)]
  1951 | Sewer    | Slain by Purgy

Levels and vault maps discovered:
D:1:      enne_arrival_octagon_isle, layout_basic
D:2:      layout_loops_ring
D:3:      minmay_bubble_buster, layout_rooms, gup_sewer_entry_pipe,
          makhleb_altar_promises_db, uniq_robin
Sewer:    sewer_co_purgy_island

Skill      XL: |  1  2  3  4 |
---------------+-------------+-----
Spellcasting   | 2 |  2.5
Conjurations   | 4 |  4.7
Hexes          | 1 |  1.0
Dodging        | |  1.7
Stealth        | |  1.7

Action                   |  1- 3 |  4- 6 || total
-------------------------+-------+-------++-------
Melee: Unarmed           |     3 |       ||     3
       Dagger            |     1 |     9 ||    10
 Cast: Magic Dart        |    70 |    17 ||    87
       Searing Ray       |       |     2 ||     2
  Use: Scroll            |       |     1 ||     1
  Eat: Chunk             |     2 |     1 ||     3
Armor: Robe              |     2 |     3 ||     5
Dodge: Dodged            |     6 |    12 ||    18

Table legend:
 A = Non-vault XP
 B = Vault XP
 C = Vault XP percentage of total XP
 D = Non-vault monster count
 E = Vault monster count
 F = Vault count percentage of total count
                 A         B        C        D         E       F
            +---------+---------+-------+---------+---------+-------
      Total |     124 |      13 |   9.5 |      43 |       7 |  14.0
            +---------+---------+-------+---------+---------+-------
        D:1 |      33 |       0 |   0.0 |      18 |       0 |   0.0
        D:2 |      90 |       0 |   0.0 |      24 |       0 |   0.0
        D:3 |       1 |       9 |  90.0 |       1 |       4 |  80.0
      Sewer |       0 |       4 | 100.0 |       0 |       3 | 100.0
            +---------+---------+-------+---------+---------+-------
